 Dungeon Crawl Stone Soup version 0.24-a0-176-gc3651c4 (webtiles) character file.

Game seed: 6187348485942247595

2400 emperorscorpion the Cleaver (level 9, -1/80 HPs)
             Began as a Minotaur Berserker on Mar 12, 2019.
             Was a Priest of Trog.
             Slain by an acid dragon (3 damage)
             ... on level 7 of the Dungeon.
             The game lasted 00:14:15 (1808 turns).

emperorscorpion the Cleaver (Minotaur Berserker)    Turns: 1808, Time: 00:14:16

Health: -1/80      AC:  0    Str: 26    XL:     9   Next: 23%
Magic:  9/9        EV: 11    Int:  4    God:    Trog [***...]
Gold:   188        SH:  3    Dex:  9    Spells: 8/8 levels left

rFire    + . .     SeeInvis +   a - +0 hand axe
rCold    + . .     Gourm    .   o - +0 buckler
rNeg     . . .     Faith    .   d - +0 scale mail
rPois    +         Spirit   .   (helmet restricted)
rElec    +         Reflect  .   (no cloak)
rCorr    +         Harm     .   (no gloves)
MR       ++...                  (no boots)
Stlth    +.........             (no amulet)
HPRegen  1.23/turn              k - ring of see invisible
MPRegen  0.11/turn              r - ring of stealth

@: resistant, corroded, regenerating
A: retaliatory headbutt, horns 2
a: Berserk, Trog's Hand, Renounce Religion


You were on level 7 of the Dungeon.
You worshipped Trog.
Trog was most pleased with you.
You were not hungry.

You visited 1 branch of the dungeon, and saw 9 of its levels.

You collected 188 gold pieces.

Inventory:

Hand Weapons
 a - a +0 hand axe (weapon)
 j - a +0 mace
Missiles
 f - 34 poisoned needles
Armour
 b - a +0 animal skin
 d - a +0 scale mail (worn)
 o - a +0 buckler (worn)
Jewellery
 k - a ring of see invisible (left hand)
 n - an uncursed ring of teleportation
 r - a ring of stealth (right hand)
Wands
 g - a wand of acid (9)
 p - a wand of iceblast (5)
 q - a wand of disintegration (13)
 s - a wand of random effects (10)
 t - a wand of paralysis (5)
Scrolls
 e - 2 scrolls of fog
 h - a scroll of brand weapon {unknown}
 i - a scroll of enchant armour {unknown}
 l - a scroll of remove curse
 m - a scroll of teleportation {unknown}
Comestibles
 c - 3 rations


   Skills:
 + Level 7.7 Fighting
 + Level 9.8 Axes
 + Level 8.0 Armour
 + Level 4.8 Dodging
 + Level 1.1 Stealth
 + Level 0.7 Shields
 + Level 1.5 Evocations


You had 8 spell levels left.
You didn't know any spells.
Your spell library contained the following spells:

 Spells                   Type           Power        Failure   Level  Hunger
 Flame Tongue             Conj/Fire      #....        87%         1    ##.....
 Throw Flame              Conj/Fire      #.....       95%         2    ###....
 Conjure Flame            Conj/Fire      #.......     99%         3    ####...
 Inner Flame              Hex/Fire       #.......     99%         3    ####...
 Sticky Flame             Conj/Fire      #.......     100%        4    #####..
 Fireball                 Conj/Fire      #.........   100%        5    ######.


Dungeon Overview and Level Annotations

Branches:
Dungeon (9/15)             Temple (0/1) D:4
   Lair: D:8-11         Orc: D:9-12

Altars:

Annotations:
D:7 1 transporter
D:8 Erica


Innate Abilities, Weirdness & Mutations

You reflexively headbutt those who attack you in melee.
You have a pair of horns on your head.


Message History

The jelly hits you. The acid corrodes you!
You are splashed with acid!
You see here a potion of resistance.
You feel protected. The jelly barely misses you.
The jelly jiggles.
The acid dragon bites you!
* * * LOW HITPOINT WARNING * * *
The acid dragon claws you.
* * * LOW HITPOINT WARNING * * *
You aren't carrying any potions.
Your skin crawls.
You feel resistant to hostile enchantments.
You feel somewhat more hungry. The jelly hits you.
* * * LOW HITPOINT WARNING * * *
You are splashed with acid.
You resist.
* * * LOW HITPOINT WARNING * * *
The acid dragon bites you!
* * * LOW HITPOINT WARNING * * *
The acid dragon claws you.
You die...

........#......#.................
###.....#......######............
..#.....#......##...#.......#####
..#.....#######.....#.......#...#
..#.....#☼○☼.○########......#...'
..#.....#○°.☼.#○°○°○○#......#...#
..#.....#○☼☼○○#○○○☼○☼#..>...#####
..##+#..#%[○☼☼○.#.#°☼#..##.......
.......©#©)☼○○JD@J©☼○#©..#......÷
[.......#:$○.○°D#J#☼○#...#.......
......#.#☼°○☼°#○○°○☼○#...#.......
......#.#○○☼○°#○°°°°○#...#.......
......#.#°☼○.°########...#.......
......#.#######..........#....)..
......#.....#............#.......
##+####.....#..##'######'#.......
...........##..#............#####


You could see 2 acid dragons and 3 jellies.

Vanquished Creatures
  Maurice (D:8)
  Joseph (D:8)
  A hornet (D:7)
  A hippogriff (D:7)
  Sigmund (D:2)
  A hungry ghost (D:7)
  Menkaure (D:4)
  2 ice beasts
  2 ogres (D:7)
  A big kobold (D:8)
  2 bullfrogs
  A scorpion (D:9)
  A crimson imp (D:6)
  A hound (D:4)
  A jelly (D:7)
  3 orc wizards
  A bullfrog skeleton (D:4)
  A worker ant (D:4)
  A hound zombie (D:8)
  A howler monkey zombie (D:7)
  4 gnolls (D:4)
  3 adders
  A howler monkey skeleton (D:4)
  A shadow imp (D:7)
  A dart slug (D:1)
  2 leopard geckos
  4 orcs
  3 giant cockroaches
  3 goblins
  2 hobgoblins (D:1)
  5 kobolds
  2 ball pythons
  3 bats
  5 frilled lizards
  2 jackal skeletons
  6 rats
72 creatures vanquished.

Notes
Turn   | Place    | Note
-------+----------+-------------------------------------------
     0 | D:1      | emperorscorpion the Minotaur Berserker began the quest for
                  | the Orb.
     0 | D:1      | Reached XP level 1. HP: 19/19 MP: 0/0
   208 | D:1      | Reached XP level 2. HP: 27/27 MP: 1/1
   221 | D:1      | Reached skill level 4 in Axes
   327 | D:2      | Noticed Sigmund
   336 | D:2      | Reached ** piety under Trog
   343 | D:2      | HP: 2/40 [Sigmund/+0 scythe (7)]
   345 | D:2      | Killed Sigmund
   345 | D:2      | Reached skill level 5 in Fighting
   345 | D:2      | Reached skill level 5 in Axes
   345 | D:2      | Reached XP level 3. HP: 3/36 MP: 2/2
   345 | D:2      | Reached XP level 4. HP: 4/42 MP: 3/3
   345 | D:2      | Reached XP level 5. HP: 4/48 MP: 4/4
   576 | D:4      | Reached XP level 6. HP: 56/56 MP: 5/5
   654 | D:3      | Reached skill level 6 in Axes
   758 | D:4      | Found a staircase to the Ecumenical Temple.
   782 | D:4      | Noticed Menkaure
   788 | D:4      | Killed Menkaure
   791 | D:4      | Reached XP level 7. HP: 63/63 MP: 6/6
   844 | D:5      | Entered Level 5 of the Dungeon
   858 | D:5      | Reached *** piety under Trog
   979 | D:6      | Reached skill level 7 in Axes
  1076 | D:7      | Noticed a hungry ghost
  1137 | D:7      | Found a transporter.
  1243 | D:7      | Reached skill level 5 in Armour
  1249 | D:7      | Found a transporter.
  1256 | D:8      | Noticed Erica
  1322 | D:7      | Noticed a hippogriff
  1334 | D:7      | Killed a hippogriff
  1334 | D:7      | Reached skill level 8 in Axes
  1334 | D:7      | Reached XP level 8. HP: 25/71 MP: 7/7
  1497 | D:7      | Noticed a hornet
  1515 | D:7      | Killed a hornet
  1599 | D:7      | Reached skill level 9 in Axes
  1599 | D:7      | Reached skill level 1 in Evocations
  1721 | D:8      | Noticed Joseph
  1722 | D:8      | Noticed Maurice
  1740 | D:8      | Killed Joseph
  1740 | D:8      | Reached skill level 1 in Stealth
  1740 | D:8      | Reached XP level 9. HP: 42/79 MP: 8/8
  1744 | D:8      | Killed Maurice
  1746 | D:8      | Noticed a green ugly thing
  1808 | D:7      | HP: 2/80 [acid dragon (8)]
  1808 | D:7      | Slain by an acid dragon

Levels and vault maps discovered:
D:1:      co_arrival_random_square_maze, layout_loops_corners
D:2:      layout_loops_cross, chequers_ecumenical_altar_grove,
          nicolae_qazlal_style_of_elements, uniq_crazy_yiuf_cottage,
          uniq_sigmund
D:3:      layout_loops_ring
D:4:      layout_basic, makhleb_altar_promises_db, temple_pool_b, first_ration,
          uniq_robin, uniq_menkaure
D:5:      layout_basic, serial_shops, nicolae_shop_trees,
          minmay_misc_feat_doors, grunt_decor_resistance, minmay_lizard_king,
          uniq_grinder, uniq_pikel
D:6:      layout_loops_ring
D:7:      gammafunk_cloud_chamber, layout_gridville
D:8:      layout_cave_pools, uniq_erica, uniq_maurice, uniq_joseph
D:9:      layout_irregular_city, erik_lair_island, zombieorc1_lemuel,
          hangedman_ranch [blue_anna_fruit_fields], kennysheep_small_circle,
          uniq_harold, uniq_prince_ribbit1, uniq_psyche

Skill      XL: |  1  2  3  4  5  6  7  8  9 |
---------------+----------------------------+-----
Fighting       | 5 6 7 |  7.7
Axes           | 5 6 8 9 |  9.8
Armour         | 3 4 5 7 8 |  8.0
Dodging        | 3 4 |  4.8
Evocations     | 1 |  1.5
Stealth        | 1 |  1.1
Shields        | |  0.7

Action                   |  1- 3 |  4- 6 |  7- 9 || total
-------------------------+-------+-------+-------++-------
Melee: Hand axe          |    37 |    45 |   114 ||   196
       Headbutt          |     5 |    12 |    20 ||    37
Invok: Berserk           |     1 |     3 |     8 ||    12
       Trog's Hand       |       |       |     4 ||     4
Evoke: Wand              |       |       |     6 ||     6
  Use: Potion            |       |       |     4 ||     4
       Scroll            |       |       |     2 ||     2
 Stab: Distracted        |       |       |     1 ||     1
  Eat: Chunk             |       |     2 |     6 ||     8
       Ration            |       |       |     2 ||     2
Armor: Scale mail        |    20 |    17 |    35 ||    72
       Animal skin       |     1 |       |       ||     1
Dodge: Dodged            |    18 |    27 |    67 ||   112
Block: Buckler           |       |       |     8 ||     8

Table legend:
 A = Non-vault XP
 B = Vault XP
 C = Vault XP percentage of total XP
 D = Non-vault monster count
 E = Vault monster count
 F = Vault count percentage of total count
                 A         B        C        D         E       F
            +---------+---------+-------+---------+---------+-------
      Total |    2126 |    1303 |  38.0 |      68 |       4 |   5.6
            +---------+---------+-------+---------+---------+-------
        D:1 |      20 |       0 |   0.0 |      13 |       0 |   0.0
        D:2 |      27 |     227 |  89.4 |      10 |       1 |   9.1
        D:3 |      51 |       0 |   0.0 |       6 |       0 |   0.0
        D:4 |     288 |     165 |  36.4 |      14 |       1 |   6.7
        D:5 |       4 |       0 |   0.0 |       2 |       0 |   0.0
        D:6 |     277 |       0 |   0.0 |       4 |       0 |   0.0
        D:7 |    1259 |       0 |   0.0 |      13 |       0 |   0.0
        D:8 |     130 |     911 |  87.5 |       5 |       2 |  28.6
        D:9 |      70 |       0 |   0.0 |       1 |       0 |   0.0
            +---------+---------+-------+---------+---------+-------
